PAA
CHESAPEAKE CONTINENTALS @ ASHEVILLE HIGHLANDERS
07/26/2025
 
TOP OF THE 1ST
Chesapeake Continentals batting - Pitching for Asheville Highlanders : RHP Edgardo Nava
Pitching: RHP Edgardo Nava
Batting: RHB Lee Lockheart 0-0: Called Strike
0-1: Ball
1-1: Swinging Strike
1-2: SINGLE (Line Drive, 34D)
Batting: RHB Júlio Rodríguez 0-0: Called Strike
0-1: Grounds into double play, 6-4-3 (Groundball, 6)
Batting: SHB Thomas Sherman 0-0: Ball
1-0: Called Strike
1-1: Fly out, F2 (Popup, 5S)
Top of the 1st over - 0 run(s), 1 hit(s), 0 error(s), 0 left on base; Chesapeake 0 - Asheville 0
BOTTOM OF THE 1ST
Asheville Highlanders batting - Pitching for Chesapeake Continentals : RHP Pedro Silva
Pitching: RHP Pedro Silva
Batting: SHB John Pemperton 0-0: Ball
1-0: SINGLE (Line Drive, 56D)
Batting: RHB Lorenzo Rosas 0-0: Foul Ball, location: 2F
0-1: Called Strike
0-2: Strikes out swinging
Batting: RHB Bryce Bancroft 0-0: Ball
1-0: Called Strike
1-1: Grounds into double play, 5-4-3 (Groundball, 56)
Bottom of the 1st over - 0 run(s), 1 hit(s), 0 error(s), 0 left on base; Chesapeake 0 - Asheville 0
TOP OF THE 2ND
Chesapeake Continentals batting - Pitching for Asheville Highlanders : RHP Edgardo Nava
Batting: SHB Ludovic Michel 0-0: Foul Ball, location: 2F
0-1: Ground out 6-3 (Groundball, 6)
Batting: SHB Dominique Prost 0-0: Foul Ball, location: 2F
0-1: Called Strike
0-2: Ground out U3 (Groundball, 3)
Batting: RHB Jorge Rodríguez 0-0: Ground out 5-3 (Groundball, 56)
Top of the 2nd over - 0 run(s), 0 hit(s), 0 error(s), 0 left on base; Chesapeake 0 - Asheville 0
BOTTOM OF THE 2ND
Asheville Highlanders batting - Pitching for Chesapeake Continentals : RHP Pedro Silva
Batting: RHB Víctor López 0-0: Swinging Strike
0-1: Ball
1-1: SINGLE (Groundball, 5S) (infield hit)
Batting: RHB Moisés Quintana 0-0: Ball
1-0: Ball
Víctor López steals 2nd base
2-0: Ball
3-0: Called Strike
3-1: Foul Ball, location: 2F
3-2: Base on Balls
Batting: LHB Jack Sutherland 0-0: Ball
Víctor López is caught stealing 3rd base
Moisés Quintana to second
1-0: Called Strike
1-1: Called Strike
1-2: Fly out, F3 (Popup, 34)
Batting: RHB Edén Mont 0-0: Fly out, F7 (Flyball, 7D)
Bottom of the 2nd over - 0 run(s), 1 hit(s), 0 error(s), 1 left on base; Chesapeake 0 - Asheville 0
TOP OF THE 3RD
Chesapeake Continentals batting - Pitching for Asheville Highlanders : RHP Edgardo Nava
Batting: RHB Vincent Vega 0-0: Ball
1-0: Ground out 4-3 (Groundball, 4)
Batting: RHB Salvador Pineda 0-0: Ground out 6-3 (Groundball, 6)
Batting: RHB Rudko Hrnjak 0-0: Called Strike
0-1: Foul Ball, location: 2F
0-2: Ball
1-2: Ball
2-2: Fly out, F8 (Flyball, 8LM)
Top of the 3rd over - 0 run(s), 0 hit(s), 0 error(s), 0 left on base; Chesapeake 0 - Asheville 0
BOTTOM OF THE 3RD
Asheville Highlanders batting - Pitching for Chesapeake Continentals : RHP Pedro Silva
Batting: LHB Luis Vicenteno 0-0: Ball
1-0: Ball
2-0: Foul Ball, location: 2F
2-1: Called Strike
2-2: Ball
3-2: Foul Ball, location: 2F
3-2: Strikes out swinging
Batting: RHB Héctor Gallegos 0-0: Ball
1-0: SINGLE (Flyball, 89S)
Batting: SHB John Pemperton 0-0: Swinging Strike
0-1: SINGLE (Groundball, 4MD)
Héctor Gallegos to second
Runner from 2nd tries for 3rd, SAFE, no throw
Batting: RHB Lorenzo Rosas 0-0: Called Strike
0-1: Called Strike
0-2: Ball
1-2: Strikes out swinging
Batting: RHB Bryce Bancroft 0-0: Ball
1-0: Ball
2-0: Called Strike
2-1: Foul Ball, location: 2F
2-2: Ball
3-2: Ground out 6-3 (Groundball, 56)
Bottom of the 3rd over - 0 run(s), 2 hit(s), 0 error(s), 2 left on base; Chesapeake 0 - Asheville 0
TOP OF THE 4TH
Chesapeake Continentals batting - Pitching for Asheville Highlanders : RHP Edgardo Nava
Batting: RHB Lee Lockheart 0-0: Called Strike
0-1: Ground out 6-3 (Groundball, 6)
Batting: RHB Júlio Rodríguez 0-0: Fly out, F9 (Flyball, 9S)
Batting: SHB Thomas Sherman 0-0: Swinging Strike
0-1: Fly out, F7 (Flyball, 7)
Top of the 4th over - 0 run(s), 0 hit(s), 0 error(s), 0 left on base; Chesapeake 0 - Asheville 0
BOTTOM OF THE 4TH
Asheville Highlanders batting - Pitching for Chesapeake Continentals : RHP Pedro Silva
Batting: RHB Víctor López 0-0: Called Strike
0-1: Foul Ball, location: 2F
0-2: Ball
1-2: Ball
2-2: Foul Ball, location: 2F
2-2: Fly out, F4 (Popup, 4)
Batting: RHB Moisés Quintana 0-0: Called Strike
0-1: Foul Ball, location: 2F
0-2: Strikes out swinging
Batting: LHB Jack Sutherland 0-0: Foul Ball, location: 2F
0-1: Ball
1-1: Called Strike
1-2: SINGLE (Line Drive, 7LM)
Batting: RHB Edén Mont 0-0: Called Strike
0-1: Called Strike
0-2: Ball
1-2: Ground out 1-3 (Groundball, 13)
Bottom of the 4th over - 0 run(s), 1 hit(s), 0 error(s), 1 left on base; Chesapeake 0 - Asheville 0
TOP OF THE 5TH
Chesapeake Continentals batting - Pitching for Asheville Highlanders : RHP Edgardo Nava
Batting: SHB Ludovic Michel 0-0: Ground out 4-3 (Groundball, 4)
Batting: SHB Dominique Prost 0-0: Foul Ball, location: 2F
0-1: Called Strike
0-2: Ball
1-2: Ball
2-2: Ground out 4-3 (Groundball, 4)
Batting: RHB Jorge Rodríguez 0-0: Ball
1-0: Foul Ball, location: 2F
1-1: Swinging Strike
1-2: Strikes out looking
Top of the 5th over - 0 run(s), 0 hit(s), 0 error(s), 0 left on base; Chesapeake 0 - Asheville 0
BOTTOM OF THE 5TH
Asheville Highlanders batting - Pitching for Chesapeake Continentals : RHP Pedro Silva
Batting: LHB Luis Vicenteno 0-0: Ball
1-0: Called Strike
1-1: Ball
2-1: Ball
3-1: Ground out 1-3 (Groundball, 13S)
Batting: RHB Héctor Gallegos 0-0: Ball
1-0: Ball
2-0: Foul Ball, location: 2F
2-1: Foul Ball, location: 2F
2-2: Ground out 6-3 (Groundball, 6)
Batting: SHB John Pemperton 0-0: Foul Ball, location: 2F
0-1: Ball
1-1: Foul Ball, location: 2F
1-2: Foul Ball, location: 2F
1-2: Strikes out swinging
Bottom of the 5th over - 0 run(s), 0 hit(s), 0 error(s), 0 left on base; Chesapeake 0 - Asheville 0
TOP OF THE 6TH
Chesapeake Continentals batting - Pitching for Asheville Highlanders : RHP Edgardo Nava
Batting: RHB Vincent Vega 0-0: Foul Ball, location: 2F
0-1: Hit by Pitch
Batting: RHB Salvador Pineda 0-0: Foul Ball, location: 2F
0-1: Bunt missed!
0-2: Ball
1-2: Foul Ball, location: 2F
1-2: Ball
2-2: Foul Ball, location: 2F
2-2: Foul Ball, location: 2F
2-2: SINGLE (Line Drive, 56)
Vincent Vega to second
Batting: RHB Rudko Hrnjak 0-0: Ball
Vincent Vega is caught stealing 3rd base
Salvador Pineda to second
1-0: Fly out, F3 (Popup, 3L)
Batting: RHB Lee Lockheart 0-0: Called Strike
0-1: Ball
1-1: Ground out 5-3 (Groundball, 56)
Top of the 6th over - 0 run(s), 1 hit(s), 0 error(s), 1 left on base; Chesapeake 0 - Asheville 0
BOTTOM OF THE 6TH
Asheville Highlanders batting - Pitching for Chesapeake Continentals : RHP Pedro Silva
Batting: RHB Lorenzo Rosas 0-0: Called Strike
0-1: Ball
1-1: Ball
2-1: Ball
3-1: Called Strike
3-2: Ground out 6-3 (Groundball, 6S)
Batting: RHB Bryce Bancroft 0-0: Called Strike
0-1: Ball
1-1: SOLO HOME RUN (Flyball, 89XD), Distance : 400 ft
Batting: RHB Víctor López 0-0: Called Strike
0-1: Foul Ball, location: 2F
0-2: Ball
1-2: Foul Ball, location: 2F
1-2: Ground out 6-3 (Groundball, 6M)
Batting: RHB Moisés Quintana 0-0: Ball
1-0: Ball
2-0: Called Strike
2-1: Foul Ball, location: 2F
2-2: Foul Ball, location: 2F
2-2: Hit by Pitch
Batting: LHB Jack Sutherland 0-0: Ball
1-0: Swinging Strike
1-1: Ball
2-1: Called Strike
2-2: Strikes out looking
Bottom of the 6th over - 1 run(s), 1 hit(s), 0 error(s), 1 left on base; Chesapeake 0 - Asheville 1
TOP OF THE 7TH
Chesapeake Continentals batting - Pitching for Asheville Highlanders : RHP Edgardo Nava
Batting: RHB Júlio Rodríguez 0-0: Ground out 6-3 (Groundball, 6)
Batting: SHB Thomas Sherman 0-0: Ball
1-0: Fly out, F9 (Flyball, 9)
Batting: SHB Ludovic Michel 0-0: Called Strike
0-1: Ball
1-1: Called Strike
1-2: SINGLE (Line Drive, 4MD)
Batting: SHB Dominique Prost 0-0: Called Strike
0-1: Ball
1-1: SINGLE (Groundball, 4MD)
Ludovic Michel to second
Batting: RHB Jorge Rodríguez 0-0: Ball
1-0: Swinging Strike
1-1: Fly out, F5 (Popup, 5L)
Top of the 7th over - 0 run(s), 2 hit(s), 0 error(s), 2 left on base; Chesapeake 0 - Asheville 1
BOTTOM OF THE 7TH
Asheville Highlanders batting - Pitching for Chesapeake Continentals : RHP Pedro Silva
Pitching: LHP Héctor Rodríguez
Batting: RHB Edén Mont 0-0: SOLO HOME RUN (Flyball, 7D), Distance : 399 ft
Batting: LHB Luis Vicenteno 0-0: Ground out 6-3 (Groundball, 6M)
Batting: RHB Héctor Gallegos 0-0: Called Strike
0-1: Ball
1-1: Foul Ball, location: 2F
1-2: SINGLE (Groundball, 56S) (infield hit)
Batting: SHB John Pemperton 0-0: Ball
1-0: Ball
2-0: Called Strike
2-1: Called Strike
2-2: Foul Ball, location: 2F
2-2: Foul Ball, location: 2F
2-2: Foul Ball, location: 2F
2-2: Ball
3-2: Foul Ball, location: 2F
3-2: Fly out, F8 (Flyball, 8RM)
Batting: RHB Lorenzo Rosas 0-0: Called Strike
0-1: Ball
1-1: Ball
2-1: Ball
3-1: Foul Ball, location: 2F
3-2: Base on Balls
Héctor Gallegos to second
Batting: RHB Bryce Bancroft 0-0: Ball
1-0: Ball
2-0: Fielders Choice at 2nd, 5-4 (Groundball, 56)
Bottom of the 7th over - 1 run(s), 2 hit(s), 0 error(s), 1 left on base; Chesapeake 0 - Asheville 2
TOP OF THE 8TH
Chesapeake Continentals batting - Pitching for Asheville Highlanders : RHP Edgardo Nava
Batting: RHB Vincent Vega 0-0: Called Strike
0-1: SINGLE (Line Drive, 8RS)
Batting: RHB Salvador Pineda 0-0: Fielders Choice at 2nd, 1-4 (Groundball, 15S)
Batting: RHB Rudko Hrnjak 0-0: Ball
1-0: Ball
2-0: Called Strike
2-1: SINGLE (Groundball, 56D)
Salvador Pineda to second
Pinch Hitting: RHB Mike Peterson 0-0: Grounds into double play, 6-4-3 (Groundball, 6)
Top of the 8th over - 0 run(s), 2 hit(s), 0 error(s), 1 left on base; Chesapeake 0 - Asheville 2
BOTTOM OF THE 8TH
Asheville Highlanders batting - Pitching for Chesapeake Continentals : LHP Héctor Rodríguez
Now at 2B: Mike Peterson
Batting: RHB Víctor López 0-0: Ball
1-0: Called Strike
1-1: SINGLE (Groundball, 4MS) (infield hit)
Batting: RHB Moisés Quintana 0-0: Fly out, F8 (Flyball, 8LM)
Batting: LHB Jack Sutherland 0-0: Swinging Strike
0-1: Swinging Strike
0-2: Hit by Pitch
Víctor López to second
Pinch Runner at 1st Corey Vaughn:
Pinch Hitting: RHB Paco Vásquez 0-0: Ball
1-0: Ball
2-0: Called Strike
2-1: Fly out, F7 (Flyball, 7LM)
Pinch Hitting: RHB Denis Taylor 0-0: Ball
1-0: Ball
2-0: Ball
3-0: Called Strike
3-1: Foul Ball, location: 2F
3-2: Foul Ball, location: 2F
3-2: Foul Ball, location: 2F
3-2: SINGLE (Flyball, 8LS)
Víctor López to third
Corey Vaughn to second
Víctor López scores
Corey Vaughn to third
Batting: RHB Héctor Gallegos 0-0: Fielders Choice at 2nd, 6-4 (Groundball, 6)
Bottom of the 8th over - 1 run(s), 2 hit(s), 0 error(s), 1 left on base; Chesapeake 0 - Asheville 3
TOP OF THE 9TH
Chesapeake Continentals batting - Pitching for Asheville Highlanders : RHP Edgardo Nava
Now at 2B: Corey Vaughn
Now in LF: Paco Vásquez
Now in CF: Ed Lastinger
Batting: RHB Júlio Rodríguez 0-0: Called Strike
0-1: Ball
1-1: Swinging Strike
1-2: Foul Ball, location: 2F
1-2: Fly out, F8 (Flyball, 8RS)
Batting: SHB Thomas Sherman 0-0: Fly out, F8 (Line Drive, 8RD)
Batting: SHB Ludovic Michel 0-0: Called Strike
0-1: Called Strike
0-2: Ball
1-2: SINGLE (Flyball, 7S)
Pitching: LHP Jim Unknown
Batting: SHB Dominique Prost 0-0: Called Strike
0-1: Ball
1-1: SINGLE (Flyball, 9LS)
Ludovic Michel to second
Batting: RHB Jorge Rodríguez 0-0: Fly out, F9 (Flyball, 89S)
Top of the 9th over - 0 run(s), 2 hit(s), 0 error(s), 2 left on base; Chesapeake 0 - Asheville 3
Friday, December 30th, 2016 - OOTP Baseball 17.12 Build 75